 Dungeon Crawl Stone Soup version 0.16.2-12-gd0ad4c3 (webtiles) character file.

16139 HAWKINGL3623 the Carver (level 12, -2/114 HPs)
             Began as a Deep Dwarf Fighter on Nov 2, 2016.
             Was a Priest of Elyvilon.
             Killed by the raging water
             ... invoked by a water nymph
              (23 damage)
             ... on level 12 of the Dungeon.
             The game lasted 01:06:19 (9079 turns).

HAWKINGL3623 the Carver (Deep Dwarf Fighter)        Turns: 9079, Time: 01:06:19

Health: -2/114     AC: 21    Str: 24      XL:     12   Next: 7%
Magic:  12/14      EV: 18    Int:  8 (10) God:    Elyvilon [***...]
Gold:   398        SH:  0    Dex: 15      Spells: 0 memorised, 11 levels left

rFire  . . .     SeeInvis +     u - +14 plutonium sword {Contam Stlth-}
rCold  . . .     Clarity  .     D - +4 scale mail
rNeg   + + +     SustAb   .     (no shield)
rPois  .         Gourm    +     k - +2 helmet
rElec  +         Spirit   .     r - +0 cloak
rCorr  .         Warding  .     w - +0 pair of gloves of Leapfrog {rN+++ MR-}
rMut   .         Stasis   .     t - +2 pair of boots
MR     .....                    h - amulet of the gourmand
Stlth  +.........               b - ring "Cladecs" {rElec MR- EV+2 Dex+3 Stlth+}
                                v - ring of see invisible

@: non-regenerating, not resistant to hostile enchantments, very unstealthy
A: damage resistance, recharge devices, sense surroundings 2, slow healing 3
a: Device Recharging, Lesser Healing, Divine Protection, Heal Other,
Purification, Renounce Religion


You were on level 12 of the Dungeon.
You worshipped Elyvilon.
Elyvilon was most pleased with you.
You were not hungry.

You visited 2 branches of the dungeon, and saw 14 of its levels.

You collected 608 gold pieces.
You spent 210 gold pieces at shops.

Inventory:

Hand weapons
 u - the +14 plutonium sword (weapon) {Contam Stlth-}
   (You found it on level 4 of the Dungeon)

   It causes magical contamination when unequipped.
   It makes you less stealthy.
Missiles
 o - 13 tomahawks (quivered)
 p - 6 javelins
Armour
 k - a +2 helmet (worn)
 r - a +0 cloak (worn)
 t - a +2 pair of boots (worn)
 w - the +0 pair of gloves of Leapfrog (worn) {rN+++ MR-}
   (You found it on level 6 of the Dungeon)

   It renders you almost immune to negative energy.
   It affects your resistance to hostile enchantments.
 D - a +4 scale mail (worn)
Jewellery
 b - the ring "Cladecs" (right hand) {rElec MR- EV+2 Dex+3 Stlth+}
   (You took it off an orc on level 12 of the Dungeon)

   [ring of evasion]

   It affects your evasion (+2).
   It affects your dexterity (+3).
   It insulates you from electricity.
   It affects your resistance to hostile enchantments.
   It makes you more stealthy.
 h - an amulet of the gourmand (around neck)
 v - a ring of see invisible (left hand)
Magical devices
 d - a wand of heal wounds (0)
 g - a wand of confusion (23)
 z - a wand of polymorph (7)
 A - a wand of disintegration (6)
 B - a wand of flame (17)
Scrolls
 i - 5 scrolls of teleportation
 j - 9 scrolls of identify
 m - a scroll of remove curse
 n - a scroll of enchant weapon
 q - 3 scrolls of immolation
 C - a scroll of magic mapping
 E - a scroll of amnesia
Potions
 e - a potion of might
Miscellaneous
 a - a stone of tremors (inert)
 x - a plain deck of defence
 y - a plain deck of summoning
Comestibles
 c - a slice of pizza
 f - 6 bread rations
 l - 8 meat rations
 s - 6 beef jerkies


   Skills:
 + Level 9.0 Fighting
 + Level 10.7 Long Blades
   Level 4.0 Axes
 + Level 3.2 Throwing
 + Level 8.7 Armour
 + Level 10.1 Dodging
 + Level 2.1 Stealth
   Level 4.7 Shields
 + Level 2.2 Invocations
 + Level 4.8 Evocations


You had 11 spell levels left.
You didn't know any spells.

Dungeon Overview and Level Annotations

Branches:
Dungeon (13/15)            Temple (1/1) D:6            Lair (0/8) D:9
    Orc (0/4) D:12
 Vaults: D:13-14

Altars:
Ashenzari
Cheibriados
Dithmenos
Elyvilon
Fedhas
Gozag
Kikubaaqudgha
Makhleb
Nemelex Xobeh
Okawaru
Qazlal
Ru
Sif Muna
Trog
Vehumet
Xom
Yredelemnul
Zin
The Shining One

Shops:
D:4 ?((   D:6 }   D:10 =

Portals:
Trove: D:12 (give +2 gold dragon armour)


Innate Abilities, Weirdness & Mutations

You are resistant to damage.
You can recharge devices by infusing magical energy.
You passively map the area around you.
You do not heal naturally.


Message History

* * * LOW HITPOINT WARNING * * *
The rat splashes around in the water.
Use which ability? (? or * to list)
You are healed.
You feel somewhat more hungry. The rat bites you but does no damage.
The water nymph closely misses you.
Use which ability? (? or * to list) Charge which item? (? for menu, Esc to quit)
Your wand of heal wounds (0) glows for a moment and now has 1 charge.
The rat barely misses you.
The water nymph points at you and mumbles some strange words.
The water swirls and strikes you!
* * * LOW HITPOINT WARNING * * *
Use which ability? (? or * to list)
Okay, then.
Zapping:
d - a wand of heal wounds (1)
Press: ? - help, Shift-Dir - straight line, f - you You feel much better.
This wand has 0 charges left.
The rat barely misses you. The water nymph casts a spell at you.
The water swirls and strikes you!
You die...

#....................#
#..#
##.########...........#
#..#
#..#.......#..........#
#..#
#..#.......#..........#
#...
#..#.......#....).....#
#...
#†.#...............E..#
#.##
#..#..........≈≈≈.....#
#.#
#..#..........≈m≈......#
#.#
#..#.......#..≈@r.....#
#.#
#..###'''###..........#
#.#
#......................
#.#
#......................*
#.#
##########.#...........*
#.# #
#..........#######.#
#..<...............##
#.)....).............
#..).................


You could see a water nymph, a rat and a friendly earth elemental.

Vanquished Creatures
  A fire dragon (D:12)
  A centaur warrior (D:11)
  The ghost of bellsore the Slasher, an experienced CeFi of Ashenzari (D:10)
  A shock serpent (D:10)
  A hill giant (D:11)
  2 unseen horrors
  A cyclops (D:13)
  A gargoyle (D:12)
  A redback zombie (D:10)
  A yaktaur (D:12)
  2 trolls (D:12)
  A komodo dragon (D:13)
  Prince Ribbit (Temple)
  4 slime creatures (D:12)
  A basilisk (D:12)
  A trapdoor spider (D:13)
  2 wyverns
  A shadow (D:12)
  A deep elf mage (D:11)
  3 hippogriffs
  A warg (shapeshifter) (D:11)
  Grum (D:8)
  4 vampire mosquitoes (D:12)
  A hungry ghost (D:9)
  A mottled dragon (D:11)
  3 wargs
  A soldier ant (shapeshifter) (D:13)
  4 wolves (D:8)
  The ghost of charan the Digger, an average GrEE (D:3)
  5 orc warriors
  2 water moccasins
  6 ice beasts
  3 sky beasts
  5 centaurs
  A black bear (D:10)
  4 ogres
  A crocodile (D:9)
  7 giant frogs
  A gnoll sergeant (D:9)
  A wyvern zombie (D:11)
  7 killer bees
  A wyvern skeleton (D:11)
  15 wights
  4 crimson imps
  A giant frog zombie (D:8)
  A centaur zombie (D:9)
  A quasit (D:12)
  7 hounds
  11 orc wizards
  2 giant frog skeletons
  2 hell rats (D:12)
  2 centaur skeletons
  10 orc priests
  4 iguanas
  5 worker ants
  A killer bee zombie (D:6)
  2 sheep (D:13)
  The ghost of glosham the Chopper, a weakling HOGl (D:4)
  A hound zombie (D:9)
  A hound skeleton (D:4)
  A mummy (D:9)
  Robin (D:2)
  3 worker ant zombies
  4 gnolls
  12 adders
  3 giant mites
  11 river rats (D:12)
  2 shadow imps
  7 worms
  8 giant geckos
  47 orcs
  A ball python (D:2)
  A bat zombie (D:6)
  8 giant cockroaches
  28 goblins
  21 hobgoblins
  15 jackals
  4 quokkas
  12 bats
  A giant gecko zombie (D:6)
  6 giant newts
  A jackal skeleton (D:9)
  10 kobolds
  30 rats
  8 ballistomycetes
405 creatures vanquished.

Vanquished Creatures (others)
  A centaur (D:6)
  4 killer bees (D:6)
  A scorpion (D:6)
  An orc priest (D:6)
  A worker ant (D:8)
  A giant mite (D:8)
  A hobgoblin (D:8)
  3 giant spores
  A kobold (D:8)
  A rat (D:6)
  2 ballistomycetes
17 creatures vanquished.

Grand Total: 422 creatures vanquished

Notes
Turn   | Place    | Note
--------------------------------------------------------------
     0 | D:1      | HAWKINGL3623, the Deep Dwarf Fighter, began the quest for the Orb.
     0 | D:1      | Reached XP level 1. HP: 20/20 MP: 1/1
   355 | D:1      | Reached XP level 2. HP: 25/27 MP: 2/2
   891 | D:2      | Reached XP level 3. HP: 34/34 MP: 3/3
   895 | D:2      | Reached skill level 1 in Dodging
   996 | D:2      | Noticed Robin
  1012 | D:2      | Killed Robin
  1012 | D:2      | Reached XP level 4. HP: 42/42 MP: 4/4
  1398 | D:2      | Reached skill level 4 in Shields
  1675 | D:3      | Noticed charan's ghost (average GrEE)
  1714 | D:3      | Killed charan's ghost
  1714 | D:3      | Reached XP level 5. HP: 37/49 MP: 5/5
  2169 | D:3      | Reached XP level 6. HP: 56/56 MP: 6/6
  2443 | D:4      | Found Wuotryof's Magic Scroll Boutique.
  2448 | D:4      | Noticed a hippogriff
  2456 | D:4      | Found a blossoming altar of Fedhas.
  2525 | D:4      | Found Ixeeco Mneog's Antique Weapon Shop.
  2527 | D:4      | Noticed glosham's ghost (weakling HOGl)
  2546 | D:4      | Killed glosham's ghost
  2615 | D:4      | Found Trocyce's Antique Weapon Emporium.
  2657 | D:4      | Noticed a water moccasin
  2665 | D:4      | Killed a water moccasin
  2667 | D:4      | Reached XP level 7. HP: 40/64 MP: 7/7
  2675 | D:4      | Killed a hippogriff
  2675 | D:4      | Reached skill level 1 in Long Blades
  2694 | D:4      | Reached skill level 5 in Armour
  3166 | D:5      | Entered Level 5 of the Dungeon
  3477 | D:5      | Gained mutation: You are partially covered in molten scales (AC +1). [potion of beneficial mutation]
  3653 | D:6      | Found a staircase to the Ecumenical Temple.
  3662 | D:6      | Noticed Prince Ribbit
  3666 | Temple   | Entered the Ecumenical Temple
  3678 | Temple   | Killed Prince Ribbit
  3678 | Temple   | Reached skill level 1 in Evocations
  3678 | Temple   | Reached XP level 8. HP: 22/73 MP: 8/10
  3855 | D:6      | Reached skill level 5 in Fighting
  3855 | D:6      | Reached skill level 5 in Dodging
  3855 | D:6      | Reached skill level 1 in Stealth
  3905 | D:6      | Got a pair of encrusted gloves
  3911 | D:6      | Identified the +0 pair of gloves of Leapfrog {rN+++ MR-} (You found it on level 6 of the Dungeon)
  3977 | D:6      | Gained mutation: You are partially covered in slimy green scales (AC +2). [mutagenic meat]
  4030 | D:6      | Gained mutation: Your spells are a little easier to cast, but a little less powerful. [mutagenic glow]
  4193 | D:6      | Reached skill level 1 in Throwing
  4214 | D:6      | Reached skill level 6 in Dodging
  4246 | D:6      | Found Pseiddid's Gadget Shop.
  4262 | D:6      | Bought a plain deck of defence for 210 gold pieces
  4266 | D:6      | Reached skill level 5 in Long Blades
  4481 | D:6      | Gained mutation: You passively map the area around you. [level up]
  4481 | D:6      | Reached XP level 9. HP: 60/81 MP: 11/11
  4485 | D:6      | Found a glowing golden altar of the Shining One.
  4488 | D:6      | Found an opulent altar of Gozag.
  4491 | D:6      | Found a white marble altar of Elyvilon.
  4512 | D:6      | Became a worshipper of Elyvilon the Healer
  4643 | D:7      | Found an ancient bone altar of Kikubaaqudgha.
  4863 | D:7      | Found a deep blue altar of Sif Muna.
  4865 | D:7      | Found an iron altar of Okawaru.
  5299 | D:8      | Acquired Elyvilon's first power
  5440 | D:8      | Noticed Grum
  5454 | D:8      | Reached skill level 7 in Dodging
  5463 | D:8      | Killed Grum
  5639 | D:8      | Found a shimmering altar of Xom.
  5717 | D:8      | Lost mutation: You are partially covered in molten scales (AC +1). [mutagenic meat]
  5718 | D:8      | Gained mutation: Your mind is acute. (Int +2) [mutagenic meat]
  5760 | D:8      | Reached XP level 10. HP: 24/92 MP: 13/13
  5997 | D:9      | Reached skill level 8 in Dodging
  6024 | D:9      | Acquired Elyvilon's second power
  6024 | D:9      | Found a staircase to the Lair.
  6066 | D:9      | Lost mutation: Your mind is acute. (Int +2) [potion of cure mutation]
  6066 | D:9      | Lost mutation: You are partially covered in slimy green scales (AC +2). [potion of cure mutation]
  6066 | D:9      | Lost mutation: Your spells are a little easier to cast, but a little less powerful. [potion of cure mutation]
  6589 | D:10     | Entered Level 10 of the Dungeon
  6607 | D:10     | You fall through a shaft for 3 floors!
  6747 | D:12     | Found a portal to a secret trove of treasure.
  6867 | D:12     | Noticed a fire dragon
  6922 | D:13     | Reached skill level 9 in Long Blades
  6959 | D:13     | Noticed a cyclops
  6975 | D:13     | Killed a cyclops
  6975 | D:13     | Reached XP level 11. HP: 42/103 MP: 15/15
  7032 | D:13     | Noticed an unseen horror
  7048 | D:13     | Killed an unseen horror
  7048 | D:13     | Reached skill level 1 in Invocations
  7327 | D:11     | Gained mutation: You are clumsy. (Dex -2) [mutagenic meat]
  7377 | D:11     | Noticed a centaur warrior
  7388 | D:10     | Acquired Elyvilon's third power
  7414 | D:10     | Noticed bellsore's ghost (experienced CeFi)
  7425 | D:10     | Killed bellsore's ghost
  7444 | D:10     | Found Nialiolir's Jewellery Boutique.
  7589 | D:10     | Noticed a hill giant
  7601 | D:10     | Noticed a shock serpent
  7601 | D:10     | a hill giant changed into a shock serpent
  7603 | D:10     | Killed a shock serpent
  7936 | D:11     | Lost mutation: You are clumsy. (Dex -2) [potion of cure mutation]
  7949 | D:11     | Killed a centaur warrior
  7949 | D:11     | Reached skill level 10 in Long Blades
  8117 | D:11     | Noticed a hill giant
  8126 | D:11     | Killed a hill giant
  8136 | D:11     | Got a slimy robe
  8137 | D:11     | Identified the +1 robe "Teosch" {rElec rF+ Int+3} (You found it on level 11 of the Dungeon)
  8232 | D:12     | Noticed an unseen horror
  8381 | D:12     | Got a shimmering pewter ring
  8383 | D:12     | Identified the ring "Cladecs" {rElec MR- EV+2 Dex+3 Stlth+} (You took it off an orc on level 12 of the Dungeon)
  8429 | D:12     | Found a staircase to the Orcish Mines.
  8512 | D:12     | Killed an unseen horror
  8682 | D:12     | Elyvilon protects you from harm!
  8689 | D:12     | Killed a fire dragon
  8689 | D:12     | Reached skill level 10 in Dodging
  8689 | D:12     | Reached XP level 12. HP: 50/112 MP: 16/16
  9063 | D:12     | HP: 3/114 [drowned by a water nymph (8)]
  9078 | D:12     | HP: 1/114 [water nymph/the raging water (29)]
  9079 | D:12     | Killed from afar by a water nymph

Action                   |  1- 3 |  4- 6 |  7- 9 | 10-12 || total
-------------------------+-------+-------+-------+-------++-------
Melee: War axe           |   100 |   268 |       |       ||   368
       Triple sword      |       |    16 |   280 |   364 ||   660
Throw: Tomahawk          |       |       |     7 |    32 ||    39
       Javelin           |       |       |     2 |     4 ||     6
Invok: Lesser Healing    |       |       |     1 |     3 ||     4
       Heal Other        |       |       |       |     4 ||     4
       Divine Protection |       |       |       |     1 ||     1
 Abil: Device Recharging |       |       |     1 |     5 ||     6
Evoke: Wand              |       |     4 |    10 |    42 ||    56
       Stone of tremors  |       |       |       |     1 ||     1
  Use: Scroll            |    10 |     6 |    10 |    18 ||    44
       Potion            |     3 |       |     6 |     7 ||    16
  Eat: Chunk             |       |     9 |    15 |    12 ||    36
       Fruit             |       |       |     1 |       ||     1
       Pizza             |       |       |       |     1 ||     1
